 Dungeon Crawl Stone Soup version 0.25-a0-280-gfa4545f159 (webtiles) character file.

Game seed: 5922844039372455927, levelgen mode: deterministic

7186 bmfx the Fortune-Teller (level 10, -17/58 (60) HPs)
             Began as a Deep Elf Warper on Dec 10, 2019.
             Was a Believer of Nemelex Xobeh.
             Demolished by an orc knight
             ... wielding a +0 broad axe
              (27 damage)
             ... on level 9 of the Dungeon.
             The game lasted 01:17:37 (22717 turns).

bmfx the Fortune-Teller (Deep Elf Warper)          Turns: 22717, Time: 01:17:37

HP:   -17/58 (60)   AC: 12    Str:  8    XL:     10   Next: 87%
MP:   16/21         EV: 27    Int: 27    God:    Nemelex Xobeh [**....]
Gold: 576           SH:  0    Dex: 14    Spells: 14/21 levels left

rFire    . . .     SeeInvis .   a - +0 long sword
rCold    . . .     Gourm    .   (no shield)
rNeg     . . .     Faith    .   B - +3 ring mail of Curiosity {Int+5}
rPois    +         Spirit   .   (no helmet)
rElec    .         Reflect  .   I - +0 cloak
rCorr    .         Harm     .   (no gloves)
MR       +....                  g - +2 pair of boots
Stlth    +.........             n - amulet of the acrobat
HPRegen  0.19/turn              P - ring of poison resistance
MPRegen  0.17/turn              (no ring)

@: acrobat, very slightly contaminated, slowed, very slow
A: no striking features
a: Draw Escape, Draw Destruction, Draw Summoning, Renounce Religion


You were on level 9 of the Dungeon.
You worshipped Nemelex Xobeh.
Nemelex Xobeh was pleased with you.
You were not hungry.

You visited 2 branches of the dungeon, and saw 11 of its levels.
You also visited: Bailey.

You collected 797 gold pieces.
You spent 221 gold pieces at shops.

Dungeon Overview and Level Annotations

Branches:
Dungeon (10/15)            Temple (1/1) D:5             Orc (0/2) D:10
 Bailey (visited)
   Lair: D:8-11

Altars:
Ashenzari
Cheibriados
Dithmenos
Elyvilon
Fedhas
Gozag
Hepliaklqana
Kikubaaqudgha
Makhleb
Nemelex Xobeh
Okawaru
Qazlal
Ru
Sif Muna
Trog
Uskayaw
Vehumet
Wu Jian
Xom
Yredelemnul
Zin
The Shining One

Shops:
D:9 *

Annotations:
D:10 1 runed translucent door, saltlakrits's ghost, novice NaCj


   Skills:
 - Level 6.2 Fighting
 - Level 8.1 Long Blades
 - Level 4.0 Slings
 - Level 1.0(3.1) Throwing
 - Level 0.7 Armour
 + Level 6.0 Dodging
 - Level 6.1 Spellcasting
 - Level 1.0 Charms
 - Level 6.0 Translocations
 - Level 8.1 Invocations
 - Level 4.1 Evocations


You had 14 spell levels left.
You knew the following spells:

 Your Spells              Type           Power        Failure   Level  Hunger
b - Blink                 Tloc           N/A          2%          2    None
A - Shroud of Golubria    Chrm/Tloc      ####..       7%          2    None
C - Teleport Other        Tloc           #####...     4%          3    None

Your spell library contained the following spells:

 Spells                   Type           Power        Failure   Level  Hunger
 Gell's Gravitas          Tloc           #####.....   4%          3    None
 Lesser Beckoning         Tloc           #####.....   4%          3    None
 Passage of Golubria      Tloc           N/A          17%         4    ###....
 Magic Dart               Conj           #...         21%         1    None
 Call Imp                 Summ           #.......     30%         2    None
 Slow                     Hex            #.......     30%         2    None
 Conjure Flame            Conj/Fire      #.......     52%         3    None
 Mephitic Cloud           Conj/Pois/Air  #.......     52%         3    None

Action                   |  1- 3 |  4- 6 |  7- 9 | 10-12 || total
-------------------------+-------+-------+-------+-------++-------
Melee: Falchion          |   189 |   333 |   456 |       ||   978
       Hunting sling     |       |       |     1 |       ||     1
       Long sword        |       |       |   312 |   291 ||   603
       Dagger            |       |       |       |    32 ||    32
 Fire: Hunting sling     |       |   129 |   137 |    16 ||   282
Throw: Boomerang         |       |     2 |    14 |    12 ||    28
 Cast: Shroud of Golubri |    24 |    57 |   116 |    37 ||   234
       Teleport Other    |       |     7 |    45 |    10 ||    62
       Blink             |       |       |    26 |       ||    26
 Abil: Draw Destruction  |       |       |     4 |    11 ||    15
       Draw Summoning    |       |       |       |     7 ||     7
Evoke: Wand              |       |     5 |    24 |    23 ||    52
  Use: Scroll            |       |     6 |     7 |     9 ||    22
       Potion            |       |     6 |     2 |       ||     8
 Stab: Sleeping          |     1 |       |       |       ||     1
       Invisible         |       |     1 |       |       ||     1
       Distracted        |       |       |       |     1 ||     1
  Eat: Chunk             |     8 |    18 |    16 |     8 ||    50
       Ration            |       |     1 |     8 |     2 ||    11
Armor: Leather armour    |    53 |    65 |    68 |       ||   186
       Ring mail         |       |       |   230 |   197 ||   427
Dodge: Dodged            |   145 |   248 |   592 |   209 ||  1194
       Deflected         |       |       |    21 |     6 ||    27
       Rpst.: Falchion   |    40 |    74 |    89 |       ||   203
       Long sword        |       |       |    55 |    44 ||    99

Skill      XL: |  1  2  3  4  5  6  7  8  9 10 |
---------------+-------------------------------+-----
Long Blades    | 2 3 7 8 |  8.1
Dodging        | 3 4 5 6 |  6.0
Charms         | 1 |  1.0
Translocations | 4 6 |  6.0
Slings         | 1 3 4 |  4.0
Evocations     | 3 4 |  4.1
Invocations    | 4 6 7 8 |  8.1
Fighting       | 3 4 6 |  6.2
Spellcasting   | 6 |  6.1
Throwing       | |  1.0
Armour         | |  0.7

Inventory:

Hand Weapons
 a - a +0 long sword (weapon)
 b - a +0 hunting sling of velocity
 w - a +0 dagger of venom
Missiles
 e - 2 boomerangs of dispersal
 i - 350 stones
 v - 74 sling bullets
 x - 6 silver boomerangs
 O - 34 boomerangs (quivered)
Armour
 g - a +2 pair of boots (worn)
 k - a +1 robe of magic resistance
 r - a cursed -2 plate armour
 B - the +3 ring mail of Curiosity (worn) {Int+5}
   (You found it on level 7 of the Dungeon)

   It affects your intelligence (+5).
 C - a scarf of repulsion
 I - a +0 cloak (worn)
Jewellery
 n - an amulet of the acrobat (around neck)
 q - an uncursed ring of ice
 t - an uncursed amulet of the gourmand
 A - the amulet "Anicifeg" {rElec Regen+ Int+5 Slay-5}
   (You found it on level 5 of the Dungeon)

   [amulet of regeneration]

   It affects your intelligence (+5).
   It affects your accuracy and damage with ranged weapons and melee attacks
   (-5).
   It insulates you from electricity.
   It increases your rate of regeneration.
 P - a ring of poison resistance (left hand)
Wands
 z - a wand of random effects (26)
 H - a wand of disintegration (2)
Scrolls
 d - a scroll of blinking {@r2}
 h - a scroll of remove curse {@r4}
 o - 2 scrolls of magic mapping {unknown}
 s - a scroll of fear {unknown}
 y - 3 scrolls of immolation
 E - 2 scrolls of amnesia
 F - a scroll of enchant weapon {unknown}
 R - a scroll of teleportation {@r1}
Potions
 c - 2 potions of magic
 j - 2 potions of flight
 l - 2 potions of might
 m - 2 potions of haste {@q4}
 p - a potion of berserk rage {unknown}
 u - a potion of cancellation {unknown}
 D - a potion of lignification
 G - a potion of brilliance {unknown}
 K - a potion of heal wounds {@q1}
 L - a potion of agility {unknown}
 M - a potion of resistance
Miscellaneous
 N - a phantom mirror
 Q - a sack of spiders
Comestibles
 f - a ration
 J - a chunk of flesh {@w1}

###.....###})#...#...............
........# :}#...'...............
#####...##########...<...........
#....................########
#....................#
#.........>..........#
#####....................########
.................................
................@o.%...o....#####
......####################..#
......# #..#
......####################..#####
.................................
.................................
........#############............
........# #...........< ........#
#............


You could see 2 orc knights.

Vanquished Creatures
  A sphinx (D:9)
  A hydra (D:9)
  Psyche (D:8)
  A centaur skeleton (D:8)
  A freezing wraith (D:9)
  A hippogriff (D:7)
  Sigmund (D:6)
  A hungry ghost (D:7)
  A human (D:8)
  A vampire mosquito (D:8)
  An ice beast (D:7)
  2 sky beasts
  2 orc warriors
  An ogre (D:7)
  2 eyes of draining (D:9)
  A phantom (D:2)
  A necrophage (D:10)
  2 centaurs
  7 bullfrogs
  A big kobold (D:10)
  A wyvern zombie (D:7)
  4 scorpions
  3 wights
  5 howler monkeys
  3 crimson imps
  2 bullfrog zombies
  A centaur zombie (D:7)
  5 hounds
  An orc priest (D:4)
  A bullfrog skeleton (D:5)
  A jelly (D:8)
  10 orc wizards
  2 iguanas
  12 worker ants
  A killer bee zombie (D:10)
  2 hound zombies
  A hound skeleton (D:6)
  A howler monkey zombie (D:7)
  A worker ant zombie (D:6)
  19 adders
  4 gnolls (D:3)
  4 shadow imps
  An adder zombie (D:6)
  2 adder skeletons
  5 worms
  A dart slug (D:2)
  5 leopard geckos
  27 orcs
  2 ball pythons
  6 giant cockroaches
  14 goblins
  13 hobgoblins
  14 jackals
  27 kobolds
  2 quokkas
  10 bats
  3 frilled lizards
  A jackal zombie (D:5)
  A leopard gecko skeleton (D:9)
  A leopard gecko zombie (D:6)
  14 rats
  A plant (D:3)
264 creatures vanquished.

Vanquished Creatures (collateral kills)
  A quasit (D:6)
  Crazy Yiuf (D:2)
  An orc wizard (D:7)
  A jackal (D:8)
4 creatures vanquished.

Vanquished Creatures (others)
  2 plants (D:3)
  2 withered plants (D:10)
4 creatures vanquished.

Grand Total: 272 creatures vanquished

Levels and vault maps discovered:
D:1:      wander_arrival_chamber, layout_loops_ring
D:2:      minmay_chambers_of_twos, layout_rooms, makhleb_grotto_becter,
          chequers_temple_overflow_minitemple, minmay_rat_gold_closets,
          uniq_crazy_yiuf_cottage
D:3:      layout_basic, lemuel_crystal_altar, serial_forest,
          infiniplex_forest_clump_tiny, infiniplex_forest_zigzag_2,
          infiniplex_forest_lined_corner, infiniplex_forest_straight_5,
          infiniplex_forest_lined_room_2, infiniplex_forest_clump_large,
          infiniplex_forest_clump_small, serial_bayou_pond_e,
          corexii_leaking_fountain, bloody_trog
D:4:      layout_cave_pools, dancing_weapons_uskayaw, first_ration,
          hangedman_decor_lopped, serial_bayou_pond_c
D:5:      cheibrodos_helix_gallery, layout_basic, okawaru_ov_weapons_minmay,
          minmay_temple_entry_statues, basic_altar, moated_statue,
          grunt_gozag_breadcrumbs
D:6:      layout_loops_ring, minmay_stone_trees_small, minmay_misc_feat_columns,
          kennysheep_diamond, eino_small_chamber_without_monster, uniq_sigmund,
          uniq_blork_the_orc
D:7:      minmay_the_grid_triangle_9x9_rhombus_full
          [minmay_the_grid_triangle_9x9_stretched_checkered,
          minmay_the_grid_triangle_9x9_descending_squares,
          minmay_the_grid_triangle_9x9_impossible_snake,
          minmay_the_grid_triangle_9x9_negative_grid,
          minmay_the_grid_triangle_9x9_skeleton,
          minmay_the_grid_triangle_9x9_tough_junction,
          minmay_the_grid_triangle_9x9_steps,
          minmay_the_grid_triangle_9x9_prize_schism], layout_basic,
          evilmike_ruin_ashenzari
D:8:      layout_cave_pods, minitemple, grunt_pizzeria, uniq_psyche
D:9:      minmay_shrinking_squares, layout_long_grid, xom_shifter_show,
          old_standard_altar, enter_bailey_2, nicolae_elemental_shop
D:10:     layout_loops_cross, dpeg_lair_monsters, orc_0_dummy,
          gammafunk_ghost_grave, basic_altar, kennysheep_decorative_pillar,
          st_stairs_11, grunt_decor_mini_mirrors
Temple:   compressed_dpeg_triangle_lava_temple


Message History

The orc knight resists with significant effort.
Casting: Teleport Other (safe; 4% risk of failure)
Confirm with . or Enter, or press ? or * to list all spells.
Aiming: Teleport Other (safe; 4% risk of failure)
Press: ? - help, Shift-Dir - straight line, f/p - orc knight
Aim: an orc knight, wielding a +0 broad axe and wearing a +0 chain mail (chance to defeat MR: 61%)
The orc knight looks slightly unstable.
The orc knight disappears!
The orc knight reappears nearby!
The orc knight roars a battlecry!
The orc knight goes into a battle-frenzy!
The orc knight roars a battlecry!
The orc knight goes into a battle-frenzy!
The orc knight completely misses you.
You riposte.
You closely miss the orc knight.
You see here a chunk of flesh {@w1}.
The orc knight hits you with a +0 broad axe!!
* * * LOW HITPOINT WARNING * * *
The orc knight hits you with a +0 broad axe!!
You die...
Your body disappears without a glow.

Notes
Turn   | Place    | Note
-------+----------+-------------------------------------------
     0 | D:1      | bmfx the Deep Elf Warper began the quest for the Orb.
     0 | D:1      | Reached XP level 1. HP: 12/12 MP: 6/6
   338 | D:1      | Reached XP level 2. HP: 10/16 MP: 8/8
  1108 | D:1      | Learned a level 2 spell: Shroud of Golubria
  1111 | D:1      | Learned a level 2 spell: Blink
  1787 | D:1      | Reached skill level 1 in Charms
  1875 | D:1      | Reached XP level 3. HP: 20/20 MP: 9/9
  2052 | D:1      | Learned a level 3 spell: Gell's Gravitas
  2914 | D:2      | Reached XP level 4. HP: 21/25 MP: 7/10
  3495 | D:2      | Found a blossoming altar of Fedhas.
  3495 | D:2      | Found a glowing golden altar of the Shining One.
  3500 | D:2      | Found a faded altar of an unknown god.
  3504 | D:2      | Found a faded altar of an unknown god.
  3506 | D:2      | Found an ornate altar of the Wu Jian Council.
  3567 | D:2      | Found a runed translucent door.
  3568 | D:2      | Noticed Crazy Yiuf
  3702 | D:2      | Reached skill level 1 in Slings
  3731 | D:2      | Found a burning altar of Makhleb.
  4493 | D:3      | Found a glowing silver altar of Zin.
  4845 | D:3      | Reached XP level 5. HP: 29/29 MP: 11/11
  4869 | D:3      | Learned a level 3 spell: Teleport Other
  4984 | D:3      | Reached skill level 1 in Evocations
  5301 | D:3      | Found a bloodstained altar of Trog.
  6609 | D:4      | Noticed a -1 dagger
  6619 | D:4      | Noticed a +0 hand axe
  6620 | D:4      | Found a hide-covered altar of Uskayaw.
  6638 | D:4      | Noticed a phantom
  6781 | D:4      | Reached XP level 6. HP: 7/34 MP: 12/12
  8141 | D:5      | Entered Level 5 of the Dungeon
  8580 | D:5      | Got a twitching platinum amulet
  8604 | D:5      | Found an opulent altar of Gozag.
  8684 | D:5      | Noticed a sky beast
  8686 | D:5      | Reached XP level 7. HP: 38/38 MP: 10/13
  9321 | D:5      | Found a staircase to the Ecumenical Temple.
  9345 | Temple   | Entered the Ecumenical Temple
  9479 | Temple   | Became a worshipper of Nemelex Xobeh the Trickster
  9518 | D:5      | Found a shattered altar of Ashenzari.
  9520 | D:5      | Received a gift from Nemelex Xobeh
 10260 | D:5      | Reached skill level 1 in Invocations
 11649 | D:5      | Found an iron altar of Okawaru.
 12053 | D:6      | Noticed Blork the orc
 12783 | D:6      | Noticed Sigmund
 12904 | D:7      | Reached XP level 8. HP: 43/43 MP: 5/14
 13712 | D:7      | Reached skill level 5 in Invocations
 13866 | D:7      | Got a twisted ring mail
 13885 | D:6      | Identified the +3 ring mail of Curiosity {Int+5} (You found
                  | it on level 7 of the Dungeon)
 13910 | D:6      | Identified the amulet "Anicifeg" {rElec Regen+ Int+5
                  | Slay-5} (You found it on level 5 of the Dungeon)
 14240 | D:7      | Reached * piety under Nemelex Xobeh
 14458 | D:7      | Found a shattered altar of Ashenzari.
 14805 | D:6      | Reached skill level 5 in Translocations
 15668 | D:8      | Reached skill level 5 in Dodging
 15728 | D:8      | Noticed a two-headed ogre
 16288 | D:8      | Reached XP level 9. HP: 30/50 MP: 12/15
 16502 | D:8      | Noticed Psyche
 16853 | D:9      | Found a stormy altar of Qazlal.
 16860 | D:9      | Noticed a two-headed ogre
 16976 | D:9      | Found a flagged portal.
 16985 | Bailey   | Entered a bailey
 17000 | Bailey   | Noticed an orc warlord
 17398 | Bailey   | Noticed an orc knight
 17903 | D:9      | Found a shimmering altar of Xom.
 17904 | D:9      | Found a shimmering altar of Xom.
 17904 | D:9      | Found a shimmering altar of Xom.
 17905 | D:9      | Found a shimmering altar of Xom.
 17907 | D:9      | Found a shimmering altar of Xom.
 17932 | D:9      | Found a shimmering altar of Xom.
 17965 | D:9      | Noticed a seven-headed hydra
 17965 | D:9      | Noticed a freezing wraith
 17983 | D:8      | Found a sacrificial altar of Ru.
 17987 | D:8      | Found a snail-covered altar of Cheibriados.
 17987 | D:8      | Found a shadowy altar of Dithmenos.
 18083 | D:9      | Found Hiabik's Elemental Accessories.
 18089 | D:9      | Bought a wand of iceblast (9) for 221 gold pieces
 18313 | D:9      | Killed a seven-headed hydra
 18346 | D:10     | Entered Level 10 of the Dungeon
 18348 | D:10     | Received a gift from Nemelex Xobeh
 18477 | D:10     | Reached ** piety under Nemelex Xobeh
 18504 | D:10     | Found a runed translucent door.
 18505 | D:10     | Found a staircase to the Orcish Mines.
 18505 | D:10     | Noticed saltlakrits's ghost (novice NaCj)
 18847 | D:10     | Noticed a death yak
 18937 | D:9      | Killed a freezing wraith
 18972 | D:9      | Noticed a sphinx
 18972 | D:9      | Noticed an orc knight
 18972 | D:9      | Noticed an orc knight
 18994 | D:8      | Killed Psyche
 18994 | D:8      | Reached XP level 10. HP: 43/54 MP: 4/17
 19384 | D:7      | Received a gift from Nemelex Xobeh
 19412 | D:7      | Found a runed translucent door.
 19415 | D:7      | Found a runed translucent door.
 19719 | D:7      | Got a bloodstained cloak
 20047 | D:7      | Identified the cursed -6 cloak "Qimeg" {*Corrode +Inv
                  | Int+6} (You found it on level 7 of the Dungeon)
 20974 | D:6      | Noticed an orange demon
 21242 | D:2      | Killed Crazy Yiuf
 21445 | D:6      | Noticed Blork
 21445 | D:6      | Blork the orc changed into Blork the adder
 21451 | D:6      | Killed Blork the adder
 21497 | D:6      | Killed Sigmund
 21497 | D:6      | Reached skill level 5 in Spellcasting
 22673 | D:9      | Noticed a black mamba
 22680 | D:9      | Noticed a spiny frog
 22680 | D:9      | a black mamba changed into a spiny frog
 22683 | D:9      | a spiny frog changed into a jumping spider
 22708 | D:9      | Killed a sphinx
 22717 | D:9      | Demolished by an orc knight
